 Dungeon Crawl Stone Soup version 0.29-a0-541-gaf1fc19f1b (webtiles) character file.

Game seed: 5274364216592998305

44 Morbidden the Skirmisher (level 3, 0/29 HPs)
             Began as a Demonspawn Fighter on June 2, 2022.
             Killed from afar by Natasha (10 damage)
             ... with a puff of flame
             ... on level 2 of the Dungeon.
             The game lasted 00:01:24 (1296 turns).

Morbidden the Skirmisher (Demonspawn Fighter)       Turns: 1296, Time: 00:01:25

Health: 0/29       AC:  7    Str: 15 (18) XL:     3   Next: 41%
Magic:  3/3        EV:  5    Int:  6 (9)  God:
Gold:   55         SH:  4    Dex: 11 (12) Spells: 3/3 levels left

rFire   . . .      SeeInvis .   a - +0 war axe
rCold   . . .      Faith    .   c - +0 buckler
rNeg    . . .      Spirit   .   b - +0 scale mail
rPois   .          Reflect  .   e - +0 helmet
rElec   .          Harm     .   (no cloak)
rCorr   .          Rampage  .   (no gloves)
Will    .....                   (no boots)
Stlth   ..........              (no amulet)
HPRegen 0.09/turn               (no ring)
MPRegen 0.08/turn               (no ring)

@: slowed, constricted, very slow
A: powered by pain 1
a: no special abilities


You were on level 2 of the Dungeon.
You visited 1 branch of the dungeon, and saw 2 of its levels.

You collected 55 gold pieces.

Inventory:

Hand Weapons
 a - a +0 war axe (weapon)
Armour
 b - a +0 scale mail (worn)
 c - a +0 buckler (worn)
 e - a +0 helmet (worn)
Scrolls
 h - a scroll of enchant weapon {unknown}
 i - a scroll of enchant armour {unknown}
 j - a scroll of amnesia {unknown}
Potions
 d - a potion of might


   Skills:
 * Level 3.3 Fighting
 * Level 2.3 Axes
 + Level 2.9 Armour
 * Level 0.6 Dodging
 + Level 2.9 Shields
 * Level 0.6 Spellcasting


You had 3 spell levels left.
You didn't know any spells.
Your spell library was empty.

Dungeon Overview and Level Annotations

Branches:
Dungeon (2/15)

Altars:

Annotations:
D:2 Natasha


Innate Abilities, Weirdness & Mutations

You sometimes gain a little power by taking damage.


Message History

Natasha zaps a wand.
The puff of flame hits you!
The crimson imp blinks!
You hit Natasha.
Natasha is lightly wounded.
You block Natasha's attack.
You barely miss Natasha.
Natasha is lightly wounded.
Natasha casts a spell at you.
You feel yourself slow down. Natasha casts a spell at you.
You resist with significant effort.
You completely miss Natasha.
Natasha casts a spell.
The ball python bites you. The ball python barely misses you.
Natasha casts a spell.
The ball python bites you. The ball python barely misses you.
Unknown command.
You are too injured to fight recklessly!
You are too injured to fight recklessly!
Unknown command.
Natasha attacks as you move away! Natasha claws you but does no damage.
The ball python barely misses you. The ball python grabs you.
The ball python constricts you. The crimson imp barely misses you. x2
Natasha claws you but does no damage.
The ball python bites you but does no damage.
The ball python constricts you.
You escape the ball python's grasp.
Natasha attacks as you move away! Natasha claws you but does no damage.
The crimson imp blinks!
You block the crimson imp's attack.
The crimson imp blinks!
The crimson imp hits you but does no damage.
Unknown command.
Unknown command.
Natasha zaps a wand.
You block the puff of flame.
The crimson imp blinks!
You block the ball python's attack. The ball python barely misses you.
There is a stone staircase leading up here.
Natasha hisses.
Natasha claws you. You block the ball python's attack.
The ball python grabs you.
You stop ascending the stairs.
The ball python constricts you. The crimson imp barely misses you.
Natasha zaps a wand.
The puff of flame hits you!
You die...

...##.. #..?..###.
##........
#####....#..#####
.................
### #............#
....#.........#
..#.....S5....#
#........@5.÷.#
###.#...h..÷÷.###
#. #.......÷...#
..........5........
...########........
...# ...###### ...
#### ..


You could see Natasha, 3 crimson imps and a ball python.

Vanquished Creatures
  3 adders
  3 bats (D:1)
  2 endoplasms (D:1)
  2 giant cockroaches (D:1)
  A goblin (D:1)
  A hobgoblin (D:2)
  A quokka (D:1)
  2 ball pythons
  A frilled lizard (D:1)
  A kobold (D:1)
  A rat (D:1)
18 creatures vanquished.

Notes
Turn   | Place    | Note
-------+----------+-------------------------------------------
     0 | D:1      | Morbidden the Demonspawn Fighter began the quest for the
                  | Orb.
     0 | D:1      | Reached XP level 1. HP: 18/18 MP: 1/1
   410 | D:1      | Gained mutation: You sometimes gain a little power by
                  | taking damage. [demonic ancestry]
   410 | D:1      | Reached XP level 2. HP: 24/24 MP: 2/2
   940 | D:2      | Reached XP level 3. HP: 20/29 MP: 3/3
   988 | D:2      | Noticed Natasha
  1002 | D:1      | HP: 1/29 [adder (1)]
  1296 | D:2      | Killed from afar by Natasha

Illustrated notes

Levels and vault maps discovered:
D:1:      minmay_arrival_up_and_down, layout_basic, chequers_serial_rivers_marsh
D:2:      layout_rooms, basic_altar, chequers_ecumenical_altar_simple,
          uniq_natasha

Skill      XL: |  1  2 |
---------------+-------+-----
Axes           | 2 |  2.3
Fighting       | |  3.3
Armour         | |  2.9
Dodging        | |  0.6
Shields        | |  2.9
Spellcasting   | |  0.6

Action                   || total
-------------------------++-------
Melee: War axe           ||    67
  Use: Potion            ||     2
Armor: Scale mail        ||    48
Dodge: Dodged            ||    48
Block: Buckler           ||    19

Table legend: (Time is in decaauts)
 A = Elapsed time spent in this place.
 B = Non-inter-level travel time spent in this place.
 C = Inter-level travel time spent in this place.
 D = Time resting spent in this place.
 E = Time spent auto-exploring this place.
 F = Levels seen in this place.
 G = Mean time per level.
                   A        B        C        D        E       F      G
               +--------+--------+--------+--------+--------+-----+--------+
         Total |   1329 |   1309 |     20 |    314 |    801 |   2 |  664.5 |
       Dungeon |   1329 |   1309 |     20 |    314 |    801 |   2 |  664.5 |
               +--------+--------+--------+--------+--------+-----+--------+

Top non-repeatable levels by time:
     D:1: 1242 daAuts
     D:2: 86 daAuts
